 Dungeon Crawl Stone Soup version 0.16.0-17-g811c1d7 (webtiles) character file.

107 Zugr the Sneak (level 5, -8/28 HPs)
             Began as a Kobold Enchanter on Mar 21, 2015.
             Mangled by a gnoll
             ... wielding a +0 flail
              (11 damage)
             ... on level 3 of the Dungeon on Mar 22, 2015.
             The game lasted 00:14:27 (2517 turns).

Zugr the Sneak (Kobold Enchanter)                   Turns: 2517, Time: 00:14:27

Health: -8/28      AC:  3    Str:  6    XL:     5   Next: 11%
Magic:  8/9        EV: 15    Int: 14    God:
Gold:   115        SH:  0    Dex: 17    Spells: 3 memorised, 2 levels left

rFire  . . .     SeeInvis .     a - +1 dagger
rCold  . . .     Clarity  .     b - +1 robe
rNeg   . . .     SustAb   .     (no shield)
rPois  .         Gourm    .     (no helmet)
rElec  .         Spirit   .     (no cloak)
rCorr  .         Warding  .     (no gloves)
rMut   .         Stasis   .     (no boots)
MR     .....                    (no amulet)
Stlth  ++++......               (no ring)
                                (no ring)

@: not resistant to hostile enchantments, stealthy
A: carnivore 3
a: no special abilities


You were on level 3 of the Dungeon.
You were not hungry.

You visited 1 branch of the dungeon, and saw 3 of its levels.

You collected 115 gold pieces.

Inventory:

Hand weapons
 a - a +1 dagger (weapon)
Armour
 b - a +1 robe (worn)
 o - a +0 ice dragon armour
Jewellery
 i - an uncursed ring of positive energy {unknown}
Scrolls
 e - a scroll of random uselessness {unknown}
 g - 2 scrolls of identify {unknown}
 h - 3 scrolls of remove curse {unknown}
 m - a scroll of enchant weapon {unknown}
 r - a scroll of amnesia {unknown}
 s - a scroll of fog {unknown}
 u - a scroll of noise {unknown}
Potions
 f - 3 potions of restore abilities {unknown}
 j - 3 potions of ambrosia {unknown}
 k - a potion of mutation {unknown}
 p - a potion of poison {unknown}
 q - a potion of heal wounds {unknown}
 w - a potion of curing {unknown}
Books
 c - a book of Maledictions

   Spells                             Type                      Level
   a - Corona                         Hexes                        1
   b - Sure Blade                     Hexes/Charms                 2
   c - Ensorcelled Hibernation        Hexes/Ice                    2
   d - Confuse                        Hexes                        3
   e - Dazzling Spray                 Conjuration/Hexes            3
   f - Enslavement                    Hexes                        4
 t - a book of Callings

   Spells                             Type                      Level
   a - Summon Small Mammal            Summoning                    1
   b - Call Imp                       Summoning                    2
   c - Call Canine Familiar           Summoning                    3
   d - Summon Guardian Golem          Hexes/Summoning              4
   e - Summon Lightning Spire         Summoning/Air                4
   f - Summon Ice Beast               Ice/Summoning                4
Comestibles
 d - a meat ration
 l - 2 slices of pizza
 n - a bread ration
 v - a beef jerky
 x - a chunk of flesh


   Skills:
 - Level 1.3 Short Blades
 - Level 2.4 Dodging
 + Level 6.7 Stealth
 - Level 2.0 Spellcasting
 + Level 3.8 Hexes


You had 2 spell levels left.
You knew the following spells:

 Your Spells              Type           Power        Failure   Level  Hunger
a - Corona                Hex            ##.....      6%          1    ##.....
b - Ensorcelled Hibernat  Hex/Ice        #.....       21%         2    ###....
c - Confuse               Hex            ##......     17%         3    ####...


Dungeon Overview and Level Annotations

Branches:
Dungeon (3/15)

Altars:
Qazlal


Innate Abilities, Weirdness & Mutations

You are small and have problems with some larger weapons.
You are carnivorous and can eat meat at any time.


Message History

A gnoll comes into view. It is wielding a flail.
A quokka and a gnoll come into view.
A bat and a giant cockroach come into view.
Found 25 sling bullets.
The gnoll shouts! x4
The gnoll misses you.
You hit the gnoll but do no damage. The bat closely misses you.
The gnoll closely misses you. The gnoll misses you.
You miss the bat. The bat closely misses you.
The gnoll hits you but does no damage. The gnoll barely misses you.
You closely miss the bat. The bat completely misses you.
The gnoll hits you with a halberd!
Your magical contamination has completely faded away.
The bat misses you. The gnoll hits you with a flail!
* * * LOW HITPOINT WARNING * * *
The gnoll misses you. The bat closely misses you.
You closely miss the bat. The bat hits you but does no damage.
The gnoll closely misses you. The gnoll barely misses you.
The gnoll hits you with a flail!
You die...

#......# #######
#.###.#.#
###.####.......#
#.......#
####.####.......#
#####.###
#.......#.......# ###.#
#.##.##.#.......# #...#
#.##.# .#.......# #.###
#....##.#..(.gs.# #.#
#..####.....rggg# #.#
###........#.###@## #.#
#.......##.#.###b### #.#
#.#####....#.....#(##
#.# #.#
#.##.######.#.###.# ##
#.# #.##.#####.#......#
#. #.#
#......##.##.##.### #.
#.#####............###.#
#.
#..<.......#.##.#####.##
#)
#.......##.....#.###.##
#.


You could see 4 gnolls, a quokka, a giant cockroach and a bat.

Vanquished Creatures
  2 adders (D:3)
  A giant mite (D:1)
  3 worms
  A giant gecko (D:1)
  An orc (D:3)
  2 ball pythons (D:1)
  9 bats (D:1)
  8 hobgoblins
  4 jackals (D:3)
  2 quokkas (D:2)
  4 giant cockroaches
  8 giant newts
  4 goblins
  7 kobolds
  9 rats
65 creatures vanquished.

Notes
Turn   | Place    | Note
--------------------------------------------------------------
     0 | D:1      | Zugr, the Kobold Enchanter, began the quest for the Orb.
     0 | D:1      | Reached XP level 1. HP: 10/10 MP: 3/3
   265 | D:1      | Reached XP level 2. HP: 15/15 MP: 4/4
   334 | D:2      | Learned a level 2 spell: Ensorcelled Hibernation
   337 | D:1      | Reached skill level 5 in Stealth
   452 | D:1      | Reached XP level 3. HP: 19/19 MP: 4/6
   968 | D:1      | Learned a level 3 spell: Confuse
   984 | D:1      | Reached skill level 6 in Stealth
  1362 | D:2      | Found a stormy altar of Qazlal.
  1391 | D:2      | Reached XP level 4. HP: 24/24 MP: 7/7
  2379 | D:3      | Reached XP level 5. HP: 28/28 MP: 9/9
  2517 | D:3      | Mangled by a gnoll

Action                   |  1- 3 |  4- 6 || total
-------------------------+-------+-------++-------
Melee: Dagger            |   104 |    75 ||   179
 Cast: Corona            |     1 |       ||     1
       Ensorcelled Hiber |     5 |     1 ||     6
       Confuse           |       |     5 ||     5
 Stab: Sleeping          |    14 |    11 ||    25
       Confused          |       |     4 ||     4
  Eat: Chunk             |     5 |     4 ||     9
